Map: Overgrown Facility

Players

MonstroTown - Winner!

  • Race: Terran Terran
  • Spawn Location: 3:00

Michael - Winner!

  • Race: Zerg Zerg
  • League: Gold
  • Spawn Location: 1:00

iamkorean

  • Race: Terran Terran
  • Spawn Location: 7:00

filki

  • Race: Protoss Protoss
  • Spawn Location: 9:00

VOD

Have the link to the VOD?

Description

Time

  • Played on: Sept. 15, 2018, 11:03 p.m.
  • Length: 17:25
Show
View Real Time Build Order
Export as new Build Order

MonstroTown Terran - Winner!

Build Orders: Reaper Expand, MMM Bio 

Get SALT Encoding   

  12  0:01  SCV  
  14  0:18  Supply Depot  
  14  0:19  SCV  
  14  0:31  SCV  
  15  0:43  SCV, Barracks  
  15  0:48  Refinery  
  16  0:55  SCV  
  17  1:07  SCV  
  18  1:19  SCV  
  19  1:31  Orbital Command  
  19  1:32  Reaper  
  20  1:48  Command Center  
  20  1:58  SCV  
  21  2:04  Refinery  
  21  2:11  SCV  
  22  2:18  Supply Depot  
  22  2:24  Factory  
  22  2:26  Supply Depot  
  22  2:28  SCV  
  23  2:31  Barracks Reactor  
  23  2:43  SCV  
  24  2:49  Barracks  
  24  3:01  Bunker  
  24  3:02  SCV  
  24  3:05  Orbital Command  
  25  3:08  Factory Tech Lab  
  25  3:14  Marine x2  
  26  3:32  Supply Depot  
  26  3:33  Marine  
  27  3:35  Siege Tank  
  27  3:38  Barracks Tech Lab  
  30  3:43  SCV  
  30  3:44  SCV  
  32  3:52  Marine x2  
  34  3:57  Stimpack  
  34  4:01  Marauder  
  36  4:08  SCV x2  
  38  4:15  Supply Depot  
  38  4:20  SCV  
  39  4:38  Marine  
  40  4:40  Siege Tank  
  43  4:46  Bunker  
  43  4:56  Bunker  
  43  5:00  Marine x2  
  43  5:01  Marauder  
  43  5:03  SCV x2  
  43  5:04  Supply Depot  
  43  5:05  Supply Depot  
  49  5:11  Engineering Bay  
  49  5:12  Widow Mine  
  51  5:15  SCV  
  51  5:19  SCV  
  53  5:27  SCV  
  54  5:33  Widow Mine  
  51  5:38  Marine  
  51  5:39  Marine x2  
  54  5:48  Missile Turret  
  54  5:49  Terran Infantry Weapons Level 1  
  54  5:56  Starport  
  53  5:57  Barracks  
  53  6:06  Marine  
  53  6:07  Marine  
  53  6:08  Marine  
  56  6:18  Siege Tank  
  59  6:24  Marine  
  60  6:26  Marauder  
  60  6:27  Engineering Bay, Marine  
  63  6:42  Command Center  
  63  6:49  Marine x2  
  63  6:50  Marine  
  63  6:53  Barracks Reactor  
  66  6:55  Combat Shields  
  66  6:56  Starport Reactor  
  66  7:07  Engineering Bay, Starport, Marine  
  67  7:11  Missile Turret  
  67  7:19  Marauder  
  69  7:26  Terran Infantry Armor Level 1  
  69  7:28  SCV x2  
  71  7:31  Refinery  
  71  7:33  Refinery  
  68  7:42  Marine x4  
  68  7:43  Marine  
  65  7:55  Siege Tank  
  68  8:00  Marine x3  
  68  8:01  SCV x2  
  68  8:03  Orbital Command  
  73  8:07  Missile Turret  
  73  8:15  SCV x2  
  73  8:18  Missile Turret  
  75  8:27  SCV x2  
  75  8:30  Supply Depot  
  77  8:35  Marine  
  77  8:36  Marine x4  
  77  8:39  SCV x2  
  84  8:45  Siege Tank  
  87  8:51  SCV x2  
  87  8:53  Marine x2  
  91  9:01  Marine  
  91  9:02  Liberator x2, Marine x2  
  93  9:03  SCV  
  77  9:11  Marine x2  
  68  9:19  Marine x3  
  74  9:24  Starport Reactor  
  74  9:29  Marine x2  
  74  9:34  Missile Turret  
  74  9:35  Missile Turret  
  74  9:36  Armory  
  74  9:40  Missile Turret  
  74  9:41  SCV x2  
  74  9:42  SCV  
  74  9:45  Liberator  
  77  9:50  Barracks  
  77  9:53  Marine x3  
  77  9:57  Marine x2  
  77  9:58  Liberator  
  82  10:02  SCV  
  86  10:08  Liberator x2  
  86  10:12  Marine  
  86  10:13  Marine x2  
  89  10:15  Marauder, Marine  
  89  10:19  SCV  
  96  10:27  Thor  
  108  10:29  Terran Infantry Weapons Level 2  
  108  10:30  Marine  
  108  10:34  Liberator  
  109  10:44  Supply Depot  
  109  10:46  Supply Depot  
  109  10:47  Supply Depot  
  109  10:48  Liberator  
  109  10:51  Liberator, Marine x5  
  117  11:00  Liberator, Terran Ship Weapons Level 1  
  123  11:13  Command Center  
  123  11:17  Liberator  
  126  11:25  Marine x3  
  132  11:46  Barracks  
  132  11:48  Barracks  
  132  11:49  Barracks x2  
  132  11:52  Liberator x2  
  105  12:00  Marine x5  
  81  12:17  Marine  
  81  12:18  Marine x3  
  85  12:26  Refinery  
  85  12:36  Liberator x4  
  85  12:51  Marine x5  
  102  13:02  Barracks Reactor x2  
  102  13:03  Barracks Tech Lab  
  102  13:07  Barracks  
  102  13:09  Barracks  
  102  13:10  Marauder  
  102  13:11  SCV x2, Barracks  
  106  13:16  Refinery  
  106  13:18  Refinery  
  106  13:19  Refinery  
  106  13:21  Terran Infantry Armor Level 2  
  106  13:25  Marine x2  
  108  13:35  Terran Infantry Weapons Level 3  
  108  13:40  Liberator x2  
  108  13:58  Marine x2  
  108  13:59  Marine x7  
  108  14:00  Marine x2  
  108  14:02  Supply Depot  
  125  14:03  Supply Depot  
  125  14:07  Terran Ship Weapons Level 2  
  122  14:20  Liberator x2  
  122  14:22  Marine x3  
  122  14:23  Liberator, Marine x6  
  122  14:24  Marine x3  
  118  14:36  Marine x3  
  126  14:42  Barracks Reactor x2  
  126  14:43  Barracks Reactor x2  
  129  14:45  Marine x2  
  129  14:46  Marine x4  
  129  14:48  Liberator  
  126  15:07  Marine x6  
  125  15:08  Marine  
  132  15:22  Marine x2  
  132  15:23  Marine x5  
  132  15:27  Liberator  
  139  15:42  Orbital Command  
  139  15:43  Marine  
  143  16:05  Marine x3  
  143  16:06  Marine x6  
  143  16:07  Marine x3  
  155  16:19  Marine  
  156  16:29  Marine x3  
  156  16:30  Marine  
  160  16:48  Marine x3  
  160  16:49  Marine x8  
  160  16:50  Marine  
  172  17:00  Marine x2  
  174  17:01  Supply Depot  
  174  17:03  Supply Depot  
  174  17:11  SCV  
Show
View Real Time Build Order
Export as new Build Order

Michael Zerg - Winner!

Build Orders: Pool First 

Get SALT Encoding   

  12  0:01  Drone  
  13  0:13  Overlord  
  13  0:18  Drone  
  14  0:31  Drone x2  
  14  0:35  Drone  
  17  0:37  Extractor  
  16  0:45  Drone  
  17  0:53  Spawning Pool  
  17  0:56  Drone  
  17  1:07  Drone  
  18  1:18  Drone  
  19  1:30  Hatchery  
  18  1:34  Drone  
  18  1:39  Drone  
  20  1:48  Queen  
  22  1:55  Metabolic Boost  
  22  2:03  Overlord  
  22  2:20  Roach Warren  
  22  2:21  Drone  
  22  2:22  Extractor, Drone  
  22  2:27  Zergling x2  
  23  2:37  Queen  
  25  2:47  Queen  
  25  2:51  Drone  
  28  2:55  Drone  
  29  3:02  Drone x2  
  29  3:04  Drone  
  32  3:14  Evolution Chamber  
  32  3:19  Drone x2  
  33  3:20  Drone  
  33  3:26  Overlord  
  34  3:31  Overlord  
  34  3:41  Lair  
  34  3:47  Zerg Ground Armor Level 1  
  34  3:50  Zergling x2  
  34  3:52  Zergling x2  
  34  3:55  Zergling x2  
  37  3:57  Zergling x2  
  37  4:00  Zergling x2  
  39  4:18  Drone x7  
  46  4:38  Roach x2  
  48  4:42  Roach  
  48  4:43  Overlord  
  52  4:56  Glial Reconstitution  
  52  5:01  Hydralisk Den  
  52  5:02  Drone, Spire  
  52  5:04  Drone  
  52  5:05  Drone x4  
  56  5:09  Extractor x2  
  54  5:14  Roach x2  
  53  5:30  Roach x3  
  58  5:36  Roach  
  58  5:42  Zerg Missile Weapons Level 1  
  60  5:43  Hatchery  
  60  5:49  Spore Crawler  
  58  5:50  Spore Crawler  
  58  5:51  Spore Crawler  
  58  5:52  Spore Crawler  
  58  5:54  Muscular Augments  
  55  6:07  Overlord x2  
  55  6:08  Overlord  
  55  6:10  Overlord  
  55  6:22  Overlord x2  
  55  6:27  Roach  
  55  6:29  Roach  
  59  6:37  Hydralisk  
  59  6:38  Hydralisk  
  63  6:41  Hydralisk  
  65  6:57  Queen  
  65  6:58  Drone x5  
  65  7:00  Drone  
  73  7:02  Drone  
  73  7:06  Grooved Spines, Hydralisk  
  76  7:11  Hydralisk  
  76  7:14  Hydralisk  
  80  7:19  Drone  
  80  7:20  Drone  
  80  7:21  Drone  
  83  7:33  Overlord x3  
  79  7:49  Hydralisk  
  79  7:50  Hydralisk x3  
  81  8:03  Drone x10  
  91  8:07  Extractor  
  91  8:08  Extractor, Spore Crawler  
  91  8:09  Spore Crawler  
  91  8:11  Drone  
  91  8:12  Spore Crawler  
  87  8:28  Hydralisk  
  87  8:29  Hydralisk  
  87  8:34  Hatchery, Hydralisk x2  
  91  8:37  Hydralisk  
  96  8:42  Zergling x6  
  96  8:43  Zergling x2  
  83  9:19  Hydralisk  
  83  9:20  Hydralisk x4  
  74  9:30  Hydralisk  
  76  9:32  Zergling x8  
  76  9:33  Zergling x4  
  82  9:51  Hydralisk x3  
  88  9:55  Hydralisk  
  90  10:00  Zergling x16  
  90  10:03  Drone  
  90  10:04  Drone x2  
  101  10:09  Drone  
  102  10:18  Hatchery  
  101  10:25  Hydralisk x3  
  107  10:33  Hydralisk x2  
  111  10:35  Hatchery  
  111  10:39  Corruptor  
  111  10:41  Corruptor  
  114  10:48  Corruptor  
  116  10:55  Drone x4  
  120  11:05  Infestation Pit  
  120  11:06  Zerg Ground Armor Level 2  
  119  11:13  Zerg Flyer Armor Level 1  
  119  11:42  Hydralisk x8  
  77  12:09  Hydralisk x9  
  77  12:15  Hydralisk x2  
  95  12:20  Hydralisk x2  
  97  12:39  Hydralisk  
  97  12:40  Hydralisk x4, Spine Crawler  
  97  12:41  Spine Crawler  
  105  13:12  Hydralisk x3  
  105  13:13  Hydralisk x2  
  105  13:17  Hatchery, Hydralisk  
  116  13:20  Zergling x2  
  116  13:22  Zergling x2  
  118  13:32  Hive  
  118  13:35  Zerg Missile Weapons Level 2  
  118  13:38  Zergling x24  
  118  13:39  Zergling x2  
  118  13:41  Zergling x2  
  132  13:43  Zergling x2  
  76  14:28  Hydralisk  
  76  14:29  Hydralisk x10  
  94  14:38  Hydralisk x2  
  98  14:45  Queen  
  100  15:05  Zergling x2  
  100  15:06  Zergling x14  
  108  15:12  Hydralisk  
  110  15:21  Zergling x2  
  110  15:22  Zergling x6  
  110  15:23  Zergling x2  
  115  15:32  Hydralisk x2  
  115  15:34  Hydralisk  
  121  15:42  Hydralisk  
  121  15:43  Hydralisk  
  125  15:54  Hydralisk x3  
  125  15:55  Hydralisk  
  125  15:57  Zergling x2  
  134  16:00  Hydralisk  
  136  16:08  Hydralisk x2  
  136  16:10  Zergling x4  
  142  16:19  Overlord  
  142  16:20  Overlord  
  142  16:21  Overlord  
  142  16:31  Overseer x2  
  142  16:38  Zergling x12  
  142  16:39  Zergling x4  
  150  16:41  Zergling x2  
  150  16:42  Zergling x2  
  152  16:47  Corruptor  
  154  16:57  Hydralisk x2  
  154  17:00  Zergling x4  
Show
View Real Time Build Order
Export as new Build Order

iamkorean Terran 

Build Orders:  

Get SALT Encoding   

  12  0:01  SCV  
  13  0:13  SCV  
  14  0:23  Supply Depot  
  14  0:26  SCV  
  15  0:44  SCV  
  15  0:47  Barracks  
  16  0:50  Refinery  
  16  0:56  SCV  
  17  1:09  SCV  
  18  1:15  Barracks  
  18  1:21  SCV, Supply Depot  
  19  1:33  SCV  
  19  1:35  Barracks Reactor  
  20  1:45  SCV, Barracks  
  21  1:57  SCV  
  22  2:04  Barracks Reactor  
  22  2:08  Supply Depot  
  22  2:14  Engineering Bay  
  22  2:29  Marine x2  
  24  2:36  Barracks Reactor  
  24  2:40  Reaper  
  24  2:43  Marine  
  26  2:46  Marine  
  26  2:47  Marine  
  28  2:54  Supply Depot  
  28  2:58  Refinery  
  28  3:01  Marine  
  28  3:04  Marine  
  28  3:05  Reaper  
  31  3:12  SCV, Marine  
  33  3:15  Marine  
  33  3:17  Marine  
  33  3:18  Supply Depot  
  33  3:19  Marine  
  36  3:28  Terran Infantry Weapons Level 1  
  36  3:29  Marine  
  37  3:35  Marine x2  
  37  3:37  Marine  
  40  3:45  Supply Depot  
  40  3:51  Marine, Reaper  
  40  3:54  Marine  
  43  4:00  Marine  
  43  4:01  Marine  
  45  4:10  Marine  
  45  4:11  Marine  
  45  4:12  Marine  
  47  4:25  Reaper x3  
  47  4:28  Reaper  
  51  4:32  SCV  
  52  4:41  Reaper x2  
  54  4:50  Supply Depot  
  54  4:57  Reaper, Marine x2  
  57  5:00  Marine  
  58  5:13  Marine x2  
  60  5:15  Marine x2  
  60  5:18  Reaper  
  63  5:22  Terran Infantry Armor Level 1  
  59  5:33  Marine x4  
  59  5:34  Reaper  
  45  5:50  Marine x3  
  45  5:51  Marine x2  
  50  6:06  Reaper  
  50  6:08  Marine, Reaper x2  
  50  6:09  Reaper  
  55  6:17  Reaper  
  56  6:27  Reaper  
  56  6:29  Supply Depot  
  57  6:38  Reaper  
  58  6:40  Reaper, Marine  
  58  6:41  Reaper  
  61  6:49  Marine  
  62  6:56  Factory  
  62  6:58  Marine  
  63  7:15  Marine x3, Reaper x2  
  68  7:26  Marine  
  69  7:33  Marine x3  
  63  7:44  Marine  
  63  7:46  Marine x2  
  63  7:51  Reaper x2, Marine  
  45  8:02  Reaper  
  45  8:04  Marine x2  
  48  8:08  Marine  
  49  8:22  Marine  
  50  8:27  Command Center  
  50  8:30  Reaper  
  51  8:46  Reaper x2  
  51  8:47  Reaper x3  
  56  9:04  Marine  
  56  9:18  Reaper, Marine  
  56  9:19  Reaper  
  56  9:21  Reaper x2  
  61  9:32  Reaper  
  61  9:36  Supply Depot  
  62  9:43  Reaper  
  63  9:51  Reaper  
  64  10:01  SCV  
  65  10:07  Reaper x2  
  65  10:14  SCV  
  60  10:33  Reaper x3  
  63  10:42  Refinery  
  63  10:43  SCV, Refinery  
  63  10:45  SCV  
  63  10:47  Reaper x2  
  67  10:55  SCV  
  68  10:57  SCV  
  69  11:07  SCV  
  69  11:10  Reaper x2  
  66  11:38  Marine  
  66  11:39  Marine x3  
  68  11:42  Marine x2  
  65  11:56  Marine x2  
  65  11:57  Marine x2  
  65  12:00  Reaper x2  
  62  12:14  Reaper x2  
  62  12:15  Reaper x2  
  66  12:32  Reaper x2  
  57  12:46  Reaper, Marine x2  
  57  12:47  Marine  
  57  12:48  Barracks  
  57  12:49  SCV  
  62  13:04  Marine x5  
  67  13:20  Marine  
  67  13:22  Marine x5  
  73  13:37  Marine  
  73  13:39  Marine  
  73  13:40  Marine x4  
  79  13:55  Marine  
Show
View Real Time Build Order
Export as new Build Order

filki Protoss 

Build Orders:  

Get SALT Encoding   

  12  0:01  Probe  
  13  0:13  Probe  
  14  0:18  Pylon  
  14  0:25  Probe  
  15  0:38  Gateway  
  15  0:39  Probe  
  16  1:03  Pylon  
  16  1:25  Cybernetics Core  
  16  1:28  Gateway  
  16  1:35  Pylon  
  16  1:41  Assimilator  
  16  1:44  Assimilator  
  16  1:48  Probe  
  17  1:58  Probe  
  20  2:06  Probe  
  19  2:21  Stalker  
  21  2:40  Probe  
  22  2:44  Stalker  
  22  2:58  Probe  
  23  3:10  Probe  
  24  3:25  Warp Gate  
  24  3:28  Nexus  
  24  3:29  Pylon  
  24  3:32  Pylon  
  24  3:41  Stargate  
  24  3:51  Stargate  
  24  4:01  Probe  
  25  4:06  Pylon  
  25  4:13  Probe  
  26  4:25  Probe  
  27  4:32  Phoenix  
  27  4:37  Probe  
  29  4:38  Probe  
  29  4:45  Probe  
  31  4:46  Probe, Assimilator  
  33  4:55  Probe  
  33  4:56  Probe  
  36  5:07  Probe  
  36  5:08  Probe  
  37  5:14  Void Ray  
  37  5:15  Void Ray  
  37  5:20  Probe  
  46  5:24  Assimilator  
  46  5:53  Fleet Beacon  
  46  5:54  Probe  
  47  6:01  Void Ray  
  51  6:07  Probe  
  52  6:18  Probe  
  52  6:20  Stargate  
  53  6:26  Probe  
  54  6:34  Probe  
  55  6:40  Graviton Catapult  
  55  6:44  Carrier  
  55  6:45  Probe  
  56  6:57  Carrier, Probe  
  56  7:00  Nexus  
  63  7:01  Pylon  
  63  7:10  Probe  
  70  7:31  Protoss Air Weapons Level 1  
  70  7:43  Void Ray  
  74  8:11  Mothership  
  74  8:17  Probe  
  82  8:25  Probe  
  82  8:26  Probe  
  84  8:29  Carrier  
  85  8:35  Probe  
  85  8:38  Probe  
  94  8:50  Probe  
  85  9:16  Probe  
  77  9:27  Pylon  
  77  9:28  Pylon  
  77  9:29  Carrier  
  77  9:30  Pylon  
  77  9:32  Pylon  
  77  9:34  Carrier  
  77  9:40  Nexus  
  89  10:08  Void Ray  
  93  10:17  Probe  
  93  10:18  Probe  
  95  10:29  Probe  
  95  10:30  Probe  
  97  10:41  Probe  
  98  10:43  Probe  
  99  10:51  Void Ray  
  99  10:53  Probe  
  99  10:55  Probe  
  105  10:57  Carrier  
  105  11:01  Robotics Facility, Oracle  
  108  11:05  Probe  
  108  11:07  Probe  
  116  11:14  Probe  
  117  11:18  Assimilator  
  117  11:19  Assimilator  
  111  12:00  Carrier  
  86  12:01  Carrier, Probe  
  75  12:09  Probe  
  84  12:17  Probe  
  85  12:25  Probe  
  86  12:30  Carrier  
  86  12:35  Probe  
  84  12:47  Probe  
  91  12:59  Probe  
  92  13:11  Probe  
  93  13:22  Carrier x2  
  93  13:24  Probe  
  114  13:53  Carrier  
  114  13:54  Observer  
Tags
 
Add a new tag
Caveats
  • Supply blocks, unpowered buildings, or Contaminate may cause inaccurate times.
  • Supply counts are checked every 10 seconds.